 Dungeon Crawl Stone Soup version 0.26-a0-540-g8a0c9464d7 (webtiles) character file.

Game seed: 1390677735434364868

85 Ryozuki the Grave Robber (level 4, -9/24 HPs)
             Began as a Deep Elf Necromancer on Aug 15, 2020.
             Mangled by a gnoll
             ... wielding a +1 halberd of venom
              (11 damage)
             ... on level 3 of the Dungeon.
             The game lasted 00:15:25 (2207 turns).

Ryozuki the Grave Robber (Deep Elf Necromancer)     Turns: 2207, Time: 00:15:26

Health: -9/24      AC:  5    Str:  6    XL:     4   Next: 25%
Magic:  5/12       EV: 10    Int: 20    God:
Gold:   43         SH:  0    Dex: 15    Spells: 6/11 levels left

rFire    . . .     SeeInvis .   i - +5 dagger (venom)
rCold    . . .     Faith    .   (no shield)
rNeg     . . .     Spirit   .   f - +0 ring mail
rPois    .         Reflect  .   (no helmet)
rElec    .         Harm     .   (no cloak)
rCorr    .                      (no gloves)
MR       .....                  (no boots)
Stlth    ++........             (no amulet)
HPRegen  0.08/turn              (no ring)
MPRegen  0.13/turn              (no ring)

@: lethally poisoned (-9 -> -21), very slightly contaminated
A: no striking features
a: no special abilities


You were on level 3 of the Dungeon.
You visited 1 branch of the dungeon, and saw 3 of its levels.

You collected 43 gold pieces.

Inventory:

Hand Weapons
 b - a +0 club
 c - a +0 mace
 e - a +0 dagger
 i - a +5 dagger of venom (weapon)
 o - a +1 whip of freezing
 p - a +0 hunting sling
Missiles
 d - 14 bolts
 k - 24 arrows
Armour
 a - a +0 robe
 f - a +0 ring mail (worn)
 g - a +0 robe
 h - a +0 robe
 j - a +0 robe
Scrolls
 n - a scroll of remove curse
Potions
 m - 2 potions of curing
 q - 2 potions of haste {unknown}


   Skills:
 + Level 0.1 Armour
 + Level 2.5 Dodging
 + Level 2.7 Stealth
 + Level 4.2 Spellcasting
 + Level 6.2 Necromancy


You had 6 spell levels left.
You knew the following spells:

 Your Spells              Type           Power        Failure   Level
a - Pain                  Necr           ####         4%          1
b - Animate Skeleton      Necr           ####..       4%          1
c - Vampiric Draining     Necr           ####......   12%         3

Your spell library contained the following spells:

 Spells                   Type           Power        Failure   Level
 Animate Dead             Necr           ####......   36%         4
 Agony                    Necr           ####....     73%         5


Dungeon Overview and Level Annotations

Branches:
Dungeon (3/15)

Altars:


Message History

Aiming: Pain (safe; 4% risk of failure)
Press: ? - help, Shift-Dir - straight line, f - gnoll
Aim: a gnoll, wielding a +1 halberd of venom and quivering 2 throwing nets (chance to defeat MR: 89%)
The gnoll writhes in agony!
The gnoll hits you from afar with a +0 spear.
Casting: Pain (safe; 4% risk of failure)
Confirm with . or Enter, or press ? or * to list all spells.
Aiming: Pain (safe; 4% risk of failure)
Press: ? - help, Shift-Dir - straight line, f/p - gnoll
Aim: a gnoll, wielding a +1 halberd of venom and quivering 2 throwing nets (severely wounded, chance to defeat MR: 89%)
You miscast Pain.
You are very lightly contaminated with residual magic.
Nothing appears to happen.
The gnoll closely misses you.
The gnoll hits you with a +1 halberd of venom!
* * * LOW HITPOINT WARNING * * *
You are lethally poisoned!
* * * LOW HITPOINT WARNING * * *
You feel sick.
The gnoll hits you from afar with a +1 halberd of venom!
You die...

>.. #.## #.# ...# #.#
...### #.# .....# ##'##
†..<.# ##...## g....#
##.....## ##gg.#
##.......## ##....#
###.........####@....##
..'.........'............
###.........####...######
##.......## ##..#
##.....## ##.# ##...## .#
##+#.. .# ## .#


You could see 3 gnolls.

Vanquished Creatures
  Jessica (D:2)
  2 adders (D:2)
  2 dart slugs (D:1)
  2 leopard geckos (D:2)
  2 giant cockroaches
  4 goblins
  5 hobgoblins
  10 bats
  4 frilled lizards
  2 kobolds
  3 rats
37 creatures vanquished.

Vanquished Creatures (collateral kills)
  A frilled lizard (D:1)
1 creature vanquished.

Grand Total: 38 creatures vanquished

Notes
Turn   | Place    | Note
-------+----------+-------------------------------------------
     0 | D:1      | Ryozuki the Deep Elf Necromancer began the quest for the
                  | Orb.
     0 | D:1      | Reached XP level 1. HP: 10/10 MP: 6/6
    76 | D:1      | Reached skill level 5 in Necromancy
   312 | D:1      | Reached XP level 2. HP: 8/15 MP: 1/8
   518 | D:1      | Learned a level 1 spell: Animate Skeleton
  1153 | D:2      | Reached XP level 3. HP: 19/19 MP: 7/10
  1266 | D:2      | Noticed Jessica
  1268 | D:2      | Killed Jessica
  1579 | D:2      | Learned a level 3 spell: Vampiric Draining
  1848 | D:2      | Reached skill level 6 in Necromancy
  1869 | D:2      | Reached XP level 4. HP: 23/24 MP: 9/12
  2207 | D:3      | Mangled by a gnoll

Illustrated notes

Levels and vault maps discovered:
D:1:      psy_arrival_statuary, layout_basic, lemuel_old_faithful
D:2:      layout_basic, kennysheep_generic_room_13, uniq_jessica
D:3:      layout_loops_corners, hangedman_decor_push

Skill      XL: |  1  2  3 |
---------------+----------+-----
Necromancy     | 5 6 |  6.2
Spellcasting   | 4 |  4.2
Armour         | |  0.1
Dodging        | |  2.5
Stealth        | |  2.7

Action                   |  1- 3 |  4- 6 || total
-------------------------+-------+-------++-------
Melee: Unarmed           |     3 |       ||     3
 Cast: Pain              |    46 |    17 ||    63
       Animate Skeleton  |    12 |       ||    12
  Use: Scroll            |     1 |     3 ||     4
       Potion            |     1 |       ||     1
Armor: Robe              |     1 |       ||     1
       Ring mail         |     5 |     5 ||    10
Dodge: Dodged            |    14 |     6 ||    20

Table legend: (Time is in decaauts)
 A = Elapsed time spent in this place.
 B = Non-inter-level travel time spent in this place.
 C = Inter-level travel time spent in this place.
 D = Time resting spent in this place.
 E = Time spent auto-exploring this place.
 F = Levels seen in this place.
 G = Mean time per level.
                   A        B        C        D        E       F      G
               +--------+--------+--------+--------+--------+-----+--------+
         Total |   2205 |   2205 |      0 |      0 |    597 |   3 |  735.0 |
       Dungeon |   2205 |   2205 |      0 |      0 |    597 |   3 |  735.0 |
               +--------+--------+--------+--------+--------+-----+--------+

Top non-repeatable levels by time:
     D:2: 1316 daAuts
     D:1: 764 daAuts
     D:3: 123 daAuts
